TOP OF THE 1ST |
Ottawa Nationals batting - Pitching for Ithaca Fighting Imps : RHP Kian-tat Ts'ai
|
Pitching: RHP Kian-tat Ts'ai
|
|
Batting: RHB Glenn Curtis
|
0-0: Ground out 5-3 (Groundball, 56, EV 97.5 MPH)
|
Batting: RHB Sallvador Rebola
|
0-0: Called Strike 0-1: Ball 1-1: Foul Ball, location: 2F 1-2: Ball 2-2: Foul Ball, location: 2F 2-2: Strikes out swinging
|
Batting: LHB Tony Goodwin
|
0-0: Foul Ball, location: 2F 0-1: Swinging Strike 0-2: Ball 1-2: Ball 2-2: Strikes out swinging
|
Top of the 1st over - 0 runs, 0 hits, 0 errors, 0 left on base; Ottawa 0 - Ithaca 0 |
BOTTOM OF THE 1ST |
Ithaca Fighting Imps batting - Pitching for Ottawa Nationals : RHP Jeff Arocha
|
Pitching: RHP Jeff Arocha
|
|
Batting: RHB Jimmy Robinson
|
0-0: TRIPLE (Line Drive, 89XD, EV 105.0 MPH)
|
Batting: LHB Pedro Reyes
|
0-0: SINGLE (Groundball, 6D, EV 98.1 MPH) Jimmy Robinson scores
|
Batting: RHB Graeme Dormer
|
0-0: Ball 1-0: Ball 2-0: Ball 3-0: Called Strike 3-1: Base on Balls Pedro Reyes to second
|
Batting: LHB Donald McJannett
|
0-0: SINGLE (Line Drive, 56D, EV 98.1 MPH) Pedro Reyes to third Graeme Dormer to second
|
Batting: LHB Ewan Manshert
|
0-0: Ball 1-0: Called Strike 1-1: SINGLE (Flyball, 8LS, EV 88.1 MPH) Pedro Reyes scores Graeme Dormer to third Donald McJannett to second
|
Batting: SHB Alaska Abney
|
0-0: Ball 1-0: SINGLE (Line Drive, 7S, EV 85.6 MPH) Graeme Dormer scores Donald McJannett to third Ewan Manshert to second Runner from 3rd tries for Home, throw by LF and OUT! 7-2
|
Batting: RHB Jean Couturier
|
0-0: Foul Ball, location: 2F 0-1: Fly out, F4 (Popup, 23, EV 86.2 MPH)
|
Batting: RHB Atanza Vongor
|
0-0: Foul Ball, location: 2F 0-1: Ball 1-1: Foul Ball, location: 2F 1-2: Foul Ball, location: 2F 1-2: Strikes out swinging
|
Bottom of the 1st over - 3 runs, 5 hits, 0 errors, 2 left on base; Ottawa 0 - Ithaca 3 |
TOP OF THE 2ND |
Ottawa Nationals batting - Pitching for Ithaca Fighting Imps : RHP Kian-tat Ts'ai
|
Batting: RHB Jorge Ozezera
|
0-0: SINGLE (Groundball, 56D, EV 109.4 MPH)
|
Batting: RHB Rey McSriff
|
0-0: Fly out, F9 (Flyball, 9S, EV 78.8 MPH)
|
Batting: RHB Kazunari Mizuno
|
0-0: Called Strike 0-1: Ball 1-1: Swinging Strike 1-2: Foul Ball, location: 2F 1-2: Fly out, F8 (Line Drive, 8LD, EV 96.2 MPH)
|
Batting: SHB Júlio Moreno
|
0-0: Foul Ball, location: 2F 0-1: Foul Ball, location: 2F 0-2: Ball Jorge Ozezera steals 2nd base 1-2: Fly out, F9 (Flyball, 89XD, EV 101.2 MPH)
|
Top of the 2nd over - 0 runs, 1 hit, 0 errors, 1 left on base; Ottawa 0 - Ithaca 3 |
BOTTOM OF THE 2ND |
Ithaca Fighting Imps batting - Pitching for Ottawa Nationals : RHP Jeff Arocha
|
Batting: RHB Nelson Rivera
|
0-0: Ball 1-0: Called Strike 1-1: Fly out, F9 (Flyball, 9LMF, EV 88.1 MPH)
|
Batting: RHB Jimmy Robinson
|
0-0: Ball 1-0: Foul Ball, location: 2F 1-1: Ball 2-1: Ball 3-1: Foul Ball, location: 2F 3-2: Fly out, F6 (Line Drive, 6, EV 73.1 MPH)
|
Batting: LHB Pedro Reyes
|
0-0: Ball 1-0: Ball 2-0: Foul Ball, location: 2F 2-1: Ball 3-1: Fly out, F7 (Line Drive, 7D, EV 95.6 MPH)
|
Bottom of the 2nd over - 0 runs, 0 hits, 0 errors, 0 left on base; Ottawa 0 - Ithaca 3 |
TOP OF THE 3RD |
Ottawa Nationals batting - Pitching for Ithaca Fighting Imps : RHP Kian-tat Ts'ai
|
Batting: RHB Manuel Vroonland
|
0-0: Called Strike 0-1: Ball 1-1: Fly out, F8 (Flyball, 8LS, EV 95.0 MPH)
|
Batting: RHB Gary Goodwin
|
0-0: Swinging Strike 0-1: Called Strike 0-2: SINGLE (Line Drive, 7S, EV 106.2 MPH)
|
Batting: RHB Glenn Curtis
|
0-0: Ball 1-0: Fielders Choice at 2nd, 5-4 (Groundball, 56, EV 91.2 MPH)
|
Batting: RHB Sallvador Rebola
|
0-0: Swinging Strike 0-1: Ball 1-1: Hit by Pitch Glenn Curtis to second
|
Batting: LHB Tony Goodwin
|
0-0: Called Strike 0-1: Ball 1-1: Ball 2-1: Foul Ball, location: 2F 2-2: Strikes out looking
|
Top of the 3rd over - 0 runs, 1 hit, 0 errors, 2 left on base; Ottawa 0 - Ithaca 3 |
BOTTOM OF THE 3RD |
Ithaca Fighting Imps batting - Pitching for Ottawa Nationals : RHP Jeff Arocha
|
Batting: RHB Graeme Dormer
|
0-0: Ball 1-0: Swinging Strike 1-1: Foul Ball, location: 2F 1-2: Ball 2-2: Ground out 6-3 (Groundball, 6, EV 87.5 MPH)
|
Batting: LHB Donald McJannett
|
0-0: Ball 1-0: Foul Ball, location: 2F 1-1: SINGLE (Line Drive, 8LS, EV 98.8 MPH)
|
Batting: LHB Ewan Manshert
|
0-0: Fly out, F8 (Flyball, 8LXD, EV 81.9 MPH)
|
Batting: SHB Alaska Abney
|
0-0: Ball 1-0: Ball 2-0: Ball 3-0: Base on Balls Donald McJannett to second
|
Batting: RHB Jean Couturier
|
0-0: Foul Ball, location: 2F 0-1: SINGLE (Line Drive, 89M, EV 101.2 MPH) Donald McJannett to third Alaska Abney to second
|
Batting: RHB Atanza Vongor
|
0-0: Ball 1-0: Fly out, F7 (Flyball, 78S, EV 88.8 MPH)
|
Bottom of the 3rd over - 0 runs, 2 hits, 0 errors, 3 left on base; Ottawa 0 - Ithaca 3 |
TOP OF THE 4TH |
Ottawa Nationals batting - Pitching for Ithaca Fighting Imps : RHP Kian-tat Ts'ai
|
Batting: RHB Jorge Ozezera
|
0-0: Ground out 6-3 (Groundball, 6MS, EV 66.9 MPH)
|
Batting: RHB Rey McSriff
|
0-0: Ball 1-0: Ball 2-0: Ground out 1-3 (Groundball, 34S, EV 75.0 MPH)
|
Batting: RHB Kazunari Mizuno
|
0-0: Ball 1-0: Ground out 6-3 (Groundball, 56, EV 78.1 MPH)
|
Top of the 4th over - 0 runs, 0 hits, 0 errors, 0 left on base; Ottawa 0 - Ithaca 3 |
BOTTOM OF THE 4TH |
Ithaca Fighting Imps batting - Pitching for Ottawa Nationals : RHP Jeff Arocha
|
Batting: RHB Nelson Rivera
|
0-0: Called Strike 0-1: Ball 1-1: Fly out, F9 (Flyball, 89M, EV 95.0 MPH)
|
Batting: RHB Jimmy Robinson
|
0-0: Called Strike 0-1: Swinging Strike 0-2: Ball 1-2: Ball 2-2: Ball 3-2: Strikes out swinging
|
Batting: LHB Pedro Reyes
|
0-0: Fly out, F8 (Flyball, 8LM, EV 85.0 MPH)
|
Bottom of the 4th over - 0 runs, 0 hits, 0 errors, 0 left on base; Ottawa 0 - Ithaca 3 |
TOP OF THE 5TH |
Ottawa Nationals batting - Pitching for Ithaca Fighting Imps : RHP Kian-tat Ts'ai
|
Batting: SHB Júlio Moreno
|
0-0: Called Strike 0-1: Ball 1-1: Fly out, F8 (Flyball, 8LD, EV 96.9 MPH)
|
Batting: RHB Manuel Vroonland
|
0-0: Called Strike 0-1: Swinging Strike 0-2: Foul Ball, location: 2F 0-2: Foul Ball, location: 2F 0-2: Strikes out swinging
|
Batting: RHB Gary Goodwin
|
0-0: Ball 1-0: SINGLE (Line Drive, 3D, EV 97.5 MPH)
|
Batting: RHB Glenn Curtis
|
0-0: Called Strike 0-1: Ground out 4-3 (Groundball, 4S, EV 65.6 MPH)
|
Top of the 5th over - 0 runs, 1 hit, 0 errors, 1 left on base; Ottawa 0 - Ithaca 3 |
BOTTOM OF THE 5TH |
Ithaca Fighting Imps batting - Pitching for Ottawa Nationals : RHP Jeff Arocha
|
Batting: RHB Graeme Dormer
|
0-0: Called Strike 0-1: Fly out, F9 (Line Drive, 9, EV 93.1 MPH)
|
Batting: LHB Donald McJannett
|
0-0: Ball 1-0: Ball 2-0: Foul Ball, location: 2F 2-1: SINGLE (Line Drive, 6D, EV 103.1 MPH)
|
Batting: LHB Ewan Manshert
|
0-0: Foul Ball, location: 2F 0-1: Ball 1-1: Fielders Choice at 2nd, 4-6 (Groundball, 34, EV 99.4 MPH)
|
Now at 3B: Cary Collins
|
|
Batting: SHB Alaska Abney
|
0-0: Fly out, F8 (Line Drive, 8LD, EV 108.8 MPH)
|
Bottom of the 5th over - 0 runs, 1 hit, 0 errors, 1 left on base; Ottawa 0 - Ithaca 3 |
TOP OF THE 6TH |
Ottawa Nationals batting - Pitching for Ithaca Fighting Imps : RHP Kian-tat Ts'ai
|
Batting: RHB Sallvador Rebola
|
0-0: Called Strike 0-1: Reached on error, E4 (Groundball, 34, EV 76.9 MPH)
|
Batting: LHB Tony Goodwin
|
0-0: Ball 1-0: Called Strike 1-1: Ground out 6-3 (Groundball, 6S, EV 70.6 MPH) Sallvador Rebola to second
|
Batting: RHB Jorge Ozezera
|
0-0: Fly out, F7 (Flyball, 7LS, EV 71.9 MPH)
|
Batting: RHB Rey McSriff
|
0-0: Ball 1-0: Swinging Strike 1-1: Ball 2-1: Foul Ball, location: 2F 2-2: Ball 3-2: Foul Ball, location: 2F 3-2: Base on Balls
|
Batting: RHB Cary Collins
|
0-0: Called Strike 0-1: Ball 1-1: Ball 2-1: Swinging Strike 2-2: Foul Ball, location: 2F 2-2: Foul Ball, location: 2F 2-2: SINGLE (Groundball, 56D, EV 102.5 MPH) Sallvador Rebola to third Rey McSriff to second Runner from 3rd tries for Home, SAFE, no throw by LF
|
Batting: SHB Júlio Moreno
|
0-0: Called Strike 0-1: Ball 1-1: Ground out 4-3 (Groundball, 4, EV 81.2 MPH)
|
Top of the 6th over - 1 run, 1 hit, 1 error, 2 left on base; Ottawa 1 - Ithaca 3 |
BOTTOM OF THE 6TH |
Ithaca Fighting Imps batting - Pitching for Ottawa Nationals : RHP Jeff Arocha
|
Batting: RHB Jean Couturier
|
0-0: Ball 1-0: Foul Ball, location: 2F 1-1: Foul Ball, location: 2F 1-2: Ball 2-2: Ball 3-2: Fly out, F9 (Flyball, 9LD, EV 81.9 MPH)
|
Batting: RHB Atanza Vongor
|
0-0: Ball 1-0: Foul Ball, location: 2F 1-1: Foul Ball, location: 2F 1-2: SINGLE (Line Drive, 9S, EV 93.1 MPH)
|
Batting: RHB Nelson Rivera
|
0-0: Called Strike Atanza Vongor is caught stealing 2nd base 2-4 0-1: Ball 1-1: SINGLE (Line Drive, 78M, EV 95.0 MPH)
|
Batting: RHB Jimmy Robinson
|
0-0: Ball Nelson Rivera steals 2nd base (no throw) 1-0: Ground out 6-3 (Groundball, 6, EV 102.5 MPH)
|
Bottom of the 6th over - 0 runs, 2 hits, 0 errors, 1 left on base; Ottawa 1 - Ithaca 3 |
TOP OF THE 7TH |
Ottawa Nationals batting - Pitching for Ithaca Fighting Imps : RHP Kian-tat Ts'ai
|
Batting: RHB Manuel Vroonland
|
0-0: SINGLE (Groundball, 6MD, EV 96.2 MPH)
|
Batting: RHB Gary Goodwin
|
0-0: Called Strike 0-1: Foul Ball, location: 2F 0-2: Ball 1-2: Ball Passed Ball! Manuel Vroonland to second 2-2: Ball 3-2: Foul Ball, location: 2F 3-2: Foul Ball, location: 2F 3-2: Fly out, F8 (Flyball, 8LS, EV 79.4 MPH)
|
Batting: RHB Glenn Curtis
|
0-0: Ball 1-0: Called Strike 1-1: Foul Ball, location: 2F 1-2: Ball 2-2: Foul Ball, location: 2F 2-2: Foul Ball, location: 2F 2-2: Strikes out looking
|
Batting: RHB Sallvador Rebola
|
0-0: Fly out, F3 (Popup, 34, EV 65.6 MPH)
|
Top of the 7th over - 0 runs, 1 hit, 0 errors, 1 left on base; Ottawa 1 - Ithaca 3 |
BOTTOM OF THE 7TH |
Ithaca Fighting Imps batting - Pitching for Ottawa Nationals : RHP Jeff Arocha
|
Batting: LHB Pedro Reyes
|
0-0: Ball 1-0: Ball 2-0: Fly out, F7 (Flyball, 7LM, EV 103.8 MPH)
|
Batting: RHB Graeme Dormer
|
0-0: Ball 1-0: Ball 2-0: Called Strike 2-1: DOUBLE (Flyball, 7LD, EV 98.1 MPH)
|
Batting: LHB Donald McJannett
|
0-0: Ball 1-0: Ball 2-0: Ground out 1-3 (Groundball, 34S, EV 75.6 MPH) Graeme Dormer to third
|
Batting: LHB Ewan Manshert
|
0-0: Called Strike 0-1: Ball 1-1: Foul Ball, location: 2F 1-2: Foul Ball, location: 2F 1-2: Fly out, F8 (Flyball, 89M, EV 86.9 MPH)
|
Bottom of the 7th over - 0 runs, 1 hit, 0 errors, 1 left on base; Ottawa 1 - Ithaca 3 |
TOP OF THE 8TH |
Ottawa Nationals batting - Pitching for Ithaca Fighting Imps : RHP Kian-tat Ts'ai
|
Batting: LHB Tony Goodwin
|
0-0: Foul Ball, location: 2F 0-1: Fly out, F8 (Flyball, 78D, EV 98.8 MPH)
|
Batting: RHB Jorge Ozezera
|
0-0: Called Strike 0-1: Fly out, F9 (Flyball, 9, EV 77.5 MPH)
|
Batting: RHB Rey McSriff
|
0-0: Called Strike 0-1: Foul Ball, location: 2F 0-2: Ball 1-2: Fly out, F9 (Flyball, 89S, EV 83.8 MPH)
|
Top of the 8th over - 0 runs, 0 hits, 0 errors, 0 left on base; Ottawa 1 - Ithaca 3 |
BOTTOM OF THE 8TH |
Ithaca Fighting Imps batting - Pitching for Ottawa Nationals : RHP Jeff Arocha
|
Batting: SHB Alaska Abney
|
0-0: Ball 1-0: Called Strike 1-1: Fly out, F9 (Flyball, 9D, EV 93.1 MPH)
|
Batting: RHB Jean Couturier
|
0-0: Foul Ball, location: 2F 0-1: Ball 1-1: Ball 2-1: Foul Ball, location: 2F 2-2: Foul Ball, location: 2F 2-2: Fly out, F6 (Line Drive, 6, EV 65.6 MPH)
|
Batting: RHB Atanza Vongor
|
0-0: Ground out 4-3 (Groundball, 4, EV 90.0 MPH)
|
Bottom of the 8th over - 0 runs, 0 hits, 0 errors, 0 left on base; Ottawa 1 - Ithaca 3 |
TOP OF THE 9TH |
Ottawa Nationals batting - Pitching for Ithaca Fighting Imps : RHP Kian-tat Ts'ai
|
Pitching: LHP Jeffery Brock
|
|
Batting: RHB Cary Collins
|
0-0: Ball 1-0: SINGLE (Line Drive, 9LM, EV 97.5 MPH)
|
Batting: SHB Júlio Moreno
|
0-0: Swinging Strike 0-1: Foul Ball, location: 2F 0-2: Fielders Choice at 2nd, 1-6 (Groundball, 34S, EV 86.9 MPH)
|
Batting: RHB Manuel Vroonland
|
0-0: Called Strike 0-1: Ball 1-1: Foul Ball, location: 2F 1-2: Foul Ball, location: 2F 1-2: Ball 2-2: Strikes out looking
|
Batting: RHB Gary Goodwin
|
0-0: Ball 1-0: Called Strike 1-1: Ball 2-1: Ground out 6-3 (Groundball, 6MD, EV 100.6 MPH)
|
Top of the 9th over - 0 runs, 1 hit, 0 errors, 1 left on base; Ottawa 1 - Ithaca 3 |
|